 Dungeon Crawl Stone Soup version 0.22-a0-352-gc608dd7 (webtiles) character file.

863 khargal the Spear-Bearer (level 7, -5/59 HPs)
             Began as a Black Draconian Monk on Apr 14, 2018.
             Was a Believer of Dithmenos.
             Killed by nerve-wracking pain
             ... invoked by Menkaure
              (12 damage)
             ... on level 5 of the Dungeon.
             The game lasted 00:12:05 (3942 turns).

khargal the Spear-Bearer (Black Draconian Monk)     Turns: 3942, Time: 00:12:06

Health: -5/59      AC:  6    Str: 14    XL:     7   Next: 72%
Magic:  7/7        EV: 15    Int: 10    God:    Dithmenos [**....]
Gold:   298        SH:  0    Dex: 15    Spells: 6/6 levels left

rFire    + . .     SeeInvis .   t - +3 dagger
rCold    + . .     Gourm    .   (no shield)
rNeg     . . .     Faith    .   (armour unavailable)
rPois    .         Spirit   .   (helmet restricted)
rElec    +         Reflect  .   (no cloak)
rCorr    .         Harm     .   (no gloves)
MR       .....                  (no boots)
Stlth    ++........             e - amulet of regeneration
HPRegen  0.59/turn              i - ring of protection from fire
MPRegen  0.10/turn              n - ring of protection from cold

@: wreathed by umbra
A: breathe lightning, unfitting armour, electricity resistance, cold-blooded, AC
+6
a: Breathe Lightning, Shadow Step, Renounce Religion


You were on level 5 of the Dungeon.
You worshipped Dithmenos.
Dithmenos was pleased with you.
You were not hungry.

You visited 2 branches of the dungeon, and saw 6 of its levels.

You collected 298 gold pieces.

Inventory:

Hand Weapons
 a - a +1 spear
 o - a +0 blowgun
 t - a +3 dagger (weapon)
Missiles
 d - 54 poisoned needles
 j - 2 tomahawks of returning (quivered)
 w - a throwing net
Jewellery
 e - an amulet of regeneration (around neck)
 i - a ring of protection from fire (left hand)
 n - a ring of protection from cold (right hand)
 p - an uncursed ring of protection from fire
Wands
 r - a wand of flame (13)
Scrolls
 g - 4 scrolls of identify
 h - a scroll of fog
 m - a scroll of fear
 q - a scroll of teleportation
 u - a scroll of blinking
 x - a scroll of immolation {unknown}
Potions
 c - a potion of lignification
 f - 2 potions of resistance
 k - 2 potions of heal wounds
 l - a potion of curing {unknown}
 s - a potion of berserk rage {unknown}
Comestibles
 b - 8 rations
 v - 2 chunks of flesh


   Skills:
 - Level 4.0 Fighting
 + Level 8.0 Polearms
 + Level 4.6 Dodging
 - Level 2.0 Stealth


You had 6 spell levels left.
You didn't know any spells.

Dungeon Overview and Level Annotations

Branches:
Dungeon (5/15)             Temple (1/1) D:4

Altars:
Dithmenos
Elyvilon
Kikubaaqudgha
Makhleb
Nemelex Xobeh
Qazlal
Ru
Sif Muna
Vehumet
Zin

Annotations:
D:5 Menkaure


Innate Abilities, Weirdness & Mutations

You can breathe wild blasts of lightning.
Your glossy black scales are hard. (AC +6)
You cannot fit into any form of body armour.
You are resistant to electric shocks. (rElec)
You are cold-blooded and may be slowed by cold attacks.


Message History

Eating one of 3 chunks of flesh.
You eat one of the 3 chunks of flesh.
This raw flesh tastes terrible.
Found a stone staircase leading up.
Found a stone staircase leading up.
Found a trident.
There is a stone staircase leading up here.
Menkaure, Prince of Dust comes into view.
Menkaure shouts!
Menkaure calls on the powers of darkness!
Your body is wracked with pain!
You barely miss Menkaure. Menkaure hits you!!
* * * LOW HITPOINT WARNING * * *
An ice beast comes into view.
Menkaure calls on the powers of darkness!
Your body is wracked with pain!
* * * LOW HITPOINT WARNING * * *
Found 9 gold pieces.
Menkaure points at you and mumbles some strange words.
Pain shoots through your body!
You die...

#........## ...#
.........##Y#.# #
.............
#.###..........$
#.....M......# .###
#............#..#<
.................#
#.........####...#
#........@#<###..#
#....##..........##
#.... #........#..#
#... #........#..#
#.#.
.............## #.
..)..........#..#
.............#.>#
.............##.#
.............##.#


You could see an ice beast and Menkaure.

Vanquished Creatures
  An orc warrior (D:3)
  3 ogres (D:4)
  2 scorpions (D:4)
  A crimson imp (D:2)
  2 hounds
  An orc wizard (D:3)
  4 orc priests
  A worker ant (D:4)
  7 adders
  An ooze (D:2)
  An adder skeleton (D:4)
  5 worms
  2 leopard geckos
  6 orcs
  8 bats
  3 giant cockroaches
  7 goblins
  4 hobgoblins
  5 jackals
  4 frilled lizards
  5 kobolds
  A quokka skeleton (D:4)
  8 rats
82 creatures vanquished.

Notes
Turn   | Place    | Note
-------+----------+-------------------------------------------
     0 | D:1      | khargal the Draconian Monk began the quest for the Orb.
     0 | D:1      | Reached XP level 1. HP: 19/19 MP: 1/1
   195 | D:1      | Reached XP level 2. HP: 26/26 MP: 2/2
   676 | D:2      | Reached XP level 3. HP: 26/33 MP: 3/3
  1082 | D:2      | Reached skill level 4 in Polearms
  1082 | D:2      | Reached XP level 4. HP: 40/40 MP: 4/4
  1555 | D:2      | Found a stormy altar of Qazlal.
  1874 | D:3      | Reached XP level 5. HP: 42/46 MP: 5/5
  1900 | D:3      | Noticed an orc warrior
  1920 | D:3      | HP: 1/46 [orc warrior/flail (17)]
  2191 | D:3      | Killed an orc warrior
  2191 | D:3      | Reached skill level 5 in Polearms
  2294 | D:3      | Reached XP level 6. HP: 51/52 MP: 6/6
  2418 | D:3      | Reached skill level 6 in Polearms
  3044 | D:4      | Found a staircase to the Ecumenical Temple.
  3067 | D:4      | Your scales start taking on a glossy black colour.
  3067 | D:4      | Reached XP level 7. HP: 51/59 MP: 7/7
  3067 | D:4      | Gained mutation: You are resistant to electric shocks. (rElec) [Black Draconian growth]
  3088 | Temple   | Entered the Ecumenical Temple
  3160 | Temple   | Became a worshipper of Dithmenos the Shadowed
  3160 | Temple   | Reached * piety under Dithmenos
  3160 | Temple   | Reached ** piety under Dithmenos
  3214 | D:4      | Reached skill level 7 in Polearms
  3885 | D:5      | Entered Level 5 of the Dungeon
  3913 | D:5      | Reached skill level 8 in Polearms
  3934 | D:5      | Noticed Menkaure
  3942 | D:5      | Killed from afar by Menkaure

Vault maps used:
D:1:      dpeg_arrival_radiant, serial_bayou_lagoon_a, minmay_misc_feat_columns,
          hangedman_decor_clover_reticule
D:2:      nicolae_overflow_hidden_temple
D:3:      skrybe_limestone_x
D:4:      minmay_temple_entry_hall, first_ration
D:5:      grunt_temple_overflow_holy_war, uniq_menkaure, uniq_duvessa
Temple:   dpeg_three_leaves_temple

Skill      XL: |  1  2  3  4  5  6  7 |
---------------+----------------------+-----
Dodging        | 3 4 |  4.6
Stealth        | 2 |  2.0
Fighting       | 4 |  4.0
Polearms       | 4 5 6 8 |  8.0

Action                   |  1- 3 |  4- 6 |  7- 9 || total
-------------------------+-------+-------+-------++-------
Melee: Spear             |   212 |   229 |    54 ||   495
       Tailslap          |    19 |    22 |     9 ||    50
       Dagger            |       |       |    12 ||    12
Throw: Tomahawk          |       |     3 |       ||     3
 Abil: Breathe Lightning |       |       |     1 ||     1
  Use: Scroll            |       |    13 |       ||    13
       Potion            |       |     6 |       ||     6
 Stab: Sleeping          |     3 |     3 |     1 ||     7
  Eat: Chunk             |       |     7 |     3 ||    10
Armor: Skin              |    42 |    32 |     2 ||    76
Dodge: Dodged            |    78 |   106 |    35 ||   219

Table legend:
 A = Spawn XP
 B = Non-spawn XP
 C = Spawn XP percentage of total XP
 D = Spawn monster count
 E = Non-spawn monster count
 F = Spawn count percentage of total count
 G = Total turns spent on level
                    A         B        C        D         E        F      G
               +---------+---------+-------+---------+---------+-------+---------
         Total |       0 |    1234 |   0.0 |       0 |      82 |   0.0 |  3942
               +---------+---------+-------+---------+---------+-------+---------
           D:1 |       0 |      30 |   0.0 |       0 |      19 |   0.0 |   618
           D:2 |       0 |     131 |   0.0 |       0 |      22 |   0.0 |  1379
           D:3 |       0 |     323 |   0.0 |       0 |      24 |   0.0 |   885
           D:4 |       0 |     707 |   0.0 |       0 |      16 |   0.0 |   892
           D:5 |       0 |      43 |   0.0 |       0 |       1 |   0.0 |    57
               +---------+---------+-------+---------+---------+-------+---------
